Map: Triton LE

Players

souL - Winner!

  • Race: Terran Terran
  • Spawn Location: 5:00

Bioice

  • Race: Zerg Zerg
  • Spawn Location: 11:00

VOD

Have the link to the VOD?

Description

Time

  • Played on: Sept. 6, 2019, 5:12 p.m.
  • Length: 12:17
Show
View Real Time Build Order
Export as new Build Order

souL Terran - Winner!

Build Orders: Liberator Opening, Reaper Expand 

Get SALT Encoding   

  12  0:01  SCV  
  13  0:13  SCV  
  14  0:17  Supply Depot  
  14  0:25  SCV  
  15  0:38  SCV  
  15  0:40  Barracks  
  16  0:43  Refinery  
  16  0:50  SCV  
  17  1:02  SCV  
  18  1:14  SCV  
  19  1:27  Orbital Command, Reaper  
  20  1:39  Command Center  
  20  1:50  Supply Depot  
  20  1:53  SCV  
  21  1:59  Marine  
  22  2:03  Factory  
  22  2:06  SCV  
  23  2:10  Refinery  
  23  2:18  SCV  
  23  2:19  Barracks Reactor  
  24  2:30  SCV  
  25  2:42  SCV  
  26  2:50  Starport  
  25  2:52  Orbital Command  
  25  2:54  SCV  
  26  3:01  Hellion x2  
  30  3:06  SCV, Barracks Tech Lab  
  30  3:07  Supply Depot  
  31  3:20  SCV  
  31  3:21  SCV  
  31  3:23  Hellion x2  
  31  3:25  Liberator  
  37  3:30  Barracks Tech Lab  
  37  3:32  SCV  
  38  3:37  SCV  
  42  3:46  SCV  
  43  3:49  Hellion x2  
  43  3:51  Supply Depot  
  43  3:52  SCV  
  43  3:53  Marine  
  49  3:58  SCV  
  50  4:04  SCV, Stimpack  
  51  4:10  SCV  
  51  4:11  Marine  
  51  4:16  SCV  
  54  4:17  Supply Depot  
  54  4:22  SCV  
  55  4:26  Command Center  
  55  4:30  SCV  
  56  4:34  SCV  
  56  4:38  Barracks  
  57  4:43  Starport Reactor, SCV  
  58  4:46  Marine, SCV  
  58  4:47  Siege Tank, Barracks  
  63  4:54  Supply Depot  
  63  4:55  SCV  
  63  4:57  Engineering Bay  
  63  4:58  SCV  
  63  4:59  Engineering Bay  
  66  5:07  SCV  
  57  5:14  SCV  
  57  5:15  Refinery x2  
  57  5:19  SCV  
  57  5:20  Marine, Siege Tank  
  63  5:25  Starport Reactor  
  63  5:26  Marine x2, SCV  
  63  5:28  Terran Infantry Armor Level 1, Terran Infantry Weapons Level 1  
  66  5:31  SCV  
  67  5:38  Marine  
  67  5:39  Orbital Command  
  68  5:43  Marine  
  68  5:44  Marine x3  
  68  5:45  Combat Shield  
  68  5:48  SCV  
  73  5:54  SCV  
  73  5:55  Marine  
  75  6:01  Marine x3, Medivac x2  
  75  6:02  Marine  
  75  6:03  SCV  
  84  6:04  Orbital Command  
  84  6:08  SCV  
  84  6:09  Supply Depot x2  
  85  6:13  Marine  
  86  6:19  Marine x4  
  86  6:23  Armory  
  90  6:26  SCV x2  
  90  6:27  Supply Depot  
  90  6:28  Supply Depot  
  90  6:30  SCV  
  90  6:31  Marine  
  94  6:37  Marine x4  
  94  6:38  Siege Tank, SCV  
  102  6:42  SCV x2  
  104  6:49  Marine  
  104  6:51  SCV, Supply Depot x2  
  104  6:52  Medivac x2  
  108  6:54  SCV x2  
  108  6:55  Marine x4  
  114  7:03  SCV  
  114  7:05  Barracks x2  
  114  7:06  SCV  
  114  7:07  Marine, SCV  
  116  7:12  Marine  
  116  7:13  Marine x3  
  113  7:18  Siege Tank  
  113  7:22  Medivac x2  
  116  7:24  Marine  
  118  7:30  Marine x2, Supply Depot  
  118  7:31  Marine x2  
  118  7:32  Command Center  
  120  7:42  Marine  
  121  7:48  Marine x3  
  121  7:50  Marine, Siege Tank  
  128  7:53  Liberator x2  
  128  7:54  SCV  
  124  8:00  Marine  
  128  8:06  Marine x3, Barracks Reactor  
  128  8:07  Barracks Reactor  
  128  8:08  Marine  
  128  8:10  Factory  
  132  8:13  Supply Depot, Refinery x2  
  132  8:15  SCV  
  132  8:16  Supply Depot  
  132  8:18  Marine  
  134  8:24  Marine x3, SCV x2  
  134  8:26  Marine  
  140  8:27  SCV  
  139  8:36  Marine, SCV  
  139  8:37  SCV  
  139  8:38  Liberator x2  
  139  8:39  SCV  
  143  8:42  Marine x4  
  143  8:44  Marine  
  143  8:47  Marine  
  143  8:48  Siege Tank  
  152  8:49  SCV  
  152  8:50  Marine  
  152  8:54  Marine  
  161  8:56  Marine  
  161  8:59  Marine x2, SCV  
  161  9:00  Marine, SCV  
  161  9:01  Marine  
  161  9:02  SCV  
  168  9:03  Terran Infantry Weapons Level 2  
  168  9:04  Marine  
  168  9:07  Marine  
  170  9:11  SCV  
  170  9:12  SCV, Marauder  
  170  9:13  Marine  
  170  9:19  Marine  
  170  9:20  Siege Tank  
  170  9:22  Marine x5  
  179  9:25  Terran Infantry Armor Level 2  
  179  9:27  Marine  
  179  9:29  Barracks  
  170  9:31  Marine, Barracks  
  170  9:32  Barracks  
  170  9:34  SCV  
  170  9:37  Planetary Fortress  
  168  9:41  Missile Turret  
  168  9:42  Marine  
  168  9:43  Marine x4, Refinery  
  168  9:45  Refinery  
  170  9:49  Factory Tech Lab  
  170  9:52  Marine  
  165  9:53  Siege Tank  
  165  9:55  Medivac  
  166  10:02  Medivac  
  162  10:07  Marine x4  
  162  10:08  Marine  
  162  10:09  SCV x2  
  162  10:11  Siege Tank  
  172  10:19  Marine  
  172  10:20  Command Center, Marauder  
  175  10:25  Siege Tank  
  174  10:33  Barracks Tech Lab x3  
  173  10:35  Marine  
  173  10:38  Marine  
  173  10:41  Marauder  
  177  10:43  Siege Tank  
  166  10:51  Marine  
  165  10:57  Siege Tank, Marauder x2  
  165  10:58  Marauder  
  165  11:02  Marauder  
  172  11:05  Medivac x2  
  172  11:06  Marine x2  
  172  11:10  Marine  
  179  11:14  Marine  
  180  11:18  Marauder  
  180  11:20  Marauder  
  180  11:23  Siege Tank, Marauder  
  180  11:24  Marine x4, Marauder  
  180  11:25  Marine  
  173  11:28  Marine  
  173  11:29  Marine, Siege Tank  
  173  11:32  Marine  
  162  11:35  Medivac  
  166  11:40  Marauder  
  166  11:41  Marine  
  166  11:42  Marine x3  
  166  11:44  Marauder  
  166  11:45  Marauder  
  166  11:46  Medivac  
  176  11:48  Marine  
  166  11:58  Marine x4  
Show
View Real Time Build Order
Export as new Build Order

Bioice Zerg 

Build Orders: Hatch First 

Get SALT Encoding   

  12  0:01  Drone  
  13  0:13  Overlord  
  13  0:17  Drone  
  14  0:31  Drone x2  
  16  0:49  Hatchery  
  15  0:54  Drone  
  17  0:57  Drone  
  17  0:59  Drone  
  18  1:11  Extractor  
  18  1:15  Spawning Pool  
  18  1:17  Drone  
  17  1:21  Drone  
  18  1:28  Drone  
  19  1:40  Drone  
  20  1:50  Drone  
  21  2:01  Queen x2  
  21  2:03  Zergling x4  
  27  2:15  Hatchery  
  27  2:19  Overlord  
  26  2:27  Metabolic Boost  
  26  2:32  Overlord  
  26  2:35  Drone  
  27  2:39  Drone  
  28  2:50  Drone x3  
  31  2:54  Queen  
  31  2:56  Drone  
  31  2:58  Drone  
  35  3:08  Overlord  
  35  3:09  Drone x2  
  35  3:11  Drone  
  38  3:13  Drone  
  38  3:14  Drone  
  38  3:18  Drone x2  
  42  3:26  Queen  
  44  3:30  Queen  
  46  3:34  Drone  
  46  3:35  Drone  
  46  3:36  Drone  
  49  3:41  Queen  
  49  3:47  Zergling x2  
  52  3:48  Zergling x2  
  52  3:49  Overlord  
  52  3:54  Zergling x4  
  52  3:55  Drone  
  56  3:57  Overlord  
  56  3:58  Drone  
  56  4:00  Drone  
  58  4:06  Lair  
  58  4:07  Drone  
  58  4:10  Drone  
  58  4:11  Drone  
  60  4:18  Spore Crawler  
  60  4:21  Spore Crawler, Drone x5  
  63  4:25  Drone  
  63  4:26  Drone  
  65  4:34  Overlord  
  65  4:37  Queen, Extractor  
  66  4:41  Baneling Nest  
  66  4:42  Overlord  
  66  4:44  Drone  
  66  4:48  Spore Crawler, Drone  
  66  4:52  Overlord  
  66  4:57  Drone  
  68  5:00  Drone x7  
  71  5:10  Drone x4  
  72  5:16  Drone  
  72  5:17  Drone x6  
  79  5:22  Drone x2  
  79  5:24  Drone  
  79  5:25  Centrifical Hooks  
  82  5:30  Drone x3  
  82  5:35  Drone  
  86  5:36  Drone  
  86  5:37  Evolution Chamber  
  86  5:38  Drone x2  
  86  5:39  Evolution Chamber  
  86  5:41  Extractor  
  86  5:42  Extractor  
  85  5:52  Hatchery  
  85  5:55  Overlord  
  85  5:56  Zergling x12  
  90  6:00  Overlord  
  90  6:01  Overlord  
  90  6:05  Zerg Ground Armor Level 1, Zerg Melee Weapons Level 1  
  90  6:06  Overlord  
  90  6:11  Overlord x2  
  90  6:17  Zergling x6  
  92  6:21  Zergling x2  
  92  6:22  Baneling x6  
  93  6:28  Zergling x6  
  93  6:30  Hatchery  
  95  6:34  Zergling x2  
  95  6:36  Overlord, Baneling x5  
  95  6:37  Zergling x10  
  101  6:41  Zergling x2  
  102  6:48  Zergling x4  
  102  6:51  Zergling x2  
  102  6:53  Zergling x2  
  106  6:56  Baneling  
  106  6:57  Baneling x6  
  106  7:01  Zergling x2  
  106  7:02  Zergling x2  
  102  7:13  Zergling x12  
  99  7:19  Zergling x12  
  99  7:22  Zergling x4  
  102  7:31  Zergling x8  
  106  7:38  Zergling x16  
  106  7:40  Baneling x14  
  112  7:52  Zergling x8  
  112  7:54  Zergling x2  
  110  8:00  Zergling x8  
  110  8:05  Zergling x10  
  116  8:07  Zerg Melee Weapons Level 2, Zerg Ground Armor Level 2  
  116  8:11  Drone x5  
  116  8:12  Extractor  
  120  8:18  Zergling x18  
  120  8:19  Baneling x6  
  129  8:25  Zergling x2  
  129  8:26  Zergling x2  
  131  8:31  Zergling x6  
  132  8:34  Baneling  
  132  8:35  Zergling x2, Baneling x5  
  132  8:36  Zergling x6  
  132  8:38  Drone  
  132  8:39  Drone x4  
  141  8:41  Zergling x8  
  141  8:42  Extractor  
  142  8:49  Zergling x16  
  143  9:02  Spire  
  140  9:05  Zergling x2  
  140  9:06  Zergling x26  
  154  9:12  Zergling x8  
  156  9:23  Zergling x14  
  156  9:27  Zergling x2, Baneling x4  
  156  9:28  Zergling x10  
  150  9:32  Zergling x2  
  150  9:33  Zergling x6  
  150  9:34  Overseer  
  153  9:43  Zergling x6  
  153  9:44  Zergling x4  
  157  9:48  Zergling x8  
  157  9:49  Drone  
  156  9:59  Drone x3  
  156  10:00  Drone x2  
  156  10:06  Overlord x3  
  156  10:07  Overlord  
  157  10:09  Infestation Pit  
  157  10:12  Drone x2  
  157  10:14  Baneling  
  157  10:15  Baneling x16  
  157  10:17  Overlord x2  
  157  10:25  Corruptor x6  
  157  10:27  Drone  
  157  10:28  Drone x4  
  168  10:40  Zergling x2  
  168  10:41  Zergling x4  
  140  10:51  Zergling x20  
  140  10:53  Zergling x2  
  140  10:54  Zergling x12  
  140  10:56  Zergling x2  
  156  10:58  Baneling x2  
  156  10:59  Baneling x4  
  156  11:02  Zergling x6  
  159  11:04  Baneling x4  
  159  11:05  Zergling x2  
  159  11:11  Zergling x12  
  165  11:14  Zergling x6  
  165  11:17  Zergling x2  
  165  11:18  Zergling x4  
  135  11:27  Zergling x6  
  135  11:28  Zergling x8  
  135  11:32  Zergling x2  
  119  11:35  Baneling  
  119  11:36  Zergling x2, Baneling x12  
  119  11:37  Zergling x2  
  122  11:40  Zergling x2  
  122  11:45  Zergling x6  
  118  11:48  Zergling x2  
  118  11:51  Zergling x4  
  113  11:59  Zergling x20  
Tags
 
Add a new tag
Caveats
  • Supply blocks, unpowered buildings, or Contaminate may cause inaccurate times.
  • Supply counts are checked every 10 seconds.